Map: Coda LE (Void)

Players

Cloudy

  • Race: Protoss Protoss

TheDounat

  • Race: Protoss Protoss

IIIIIIIIIIII

  • Race: Terran Terran

AgCl

  • Race: Terran Terran

VOD

Have the link to the VOD?

Description

Time

  • Played on: May 3, 2015, 4:41 a.m.
  • Length: 9:35
Show
View Real Time Build Order
Export as new Build Order

Cloudy Protoss 

Build Orders:  

Get SALT Encoding   

  12  0:01  Probe  
  14  0:17  Pylon  
  14  0:18  Probe  
  14  0:34  Probe  
  15  0:36  Gateway  
  15  0:42  Probe  
  15  0:49  Assimilator  
  16  0:53  Probe  
  17  1:04  Probe  
  17  1:08  Pylon  
  18  1:12  Probe  
  19  1:24  Cybernetics Core, Probe  
  20  1:34  Probe  
  23  1:42  Probe  
  22  1:55  Nexus  
  22  2:00  Adept  
  24  2:04  Warp Gate  
  24  2:07  Probe  
  25  2:13  Pylon  
  25  2:19  Assimilator  
  24  2:23  Probe  
  24  2:29  Mothership Core  
  25  2:31  Adept  
  27  2:56  Probe  
  27  3:02  Robotics Facility  
  27  3:04  Probe  
  29  3:14  Probe  
  29  3:16  Probe  
  31  3:20  Gateway  
  31  3:35  Probe  
  31  3:37  Probe  
  33  3:43  Probe, Forge  
  34  3:50  Observer  
  34  3:52  Probe  
  34  3:55  Robotics Bay  
  36  3:56  Probe  
  37  4:07  Probe x2  
  38  4:10  Assimilator x2  
  38  4:13  Observer  
  39  4:18  Probe  
  39  4:19  Probe  
  40  4:26  Probe  
  40  4:29  Probe  
  39  4:41  Probe  
  39  4:42  Probe  
  40  4:48  Pylon  
  40  4:49  Probe  
  40  4:51  Twilight Council  
  40  4:54  Probe  
  40  4:59  Probe, Disruptor  
  46  5:06  Probe  
  48  5:10  Sentry, Zealot  
  48  5:11  Probe  
  53  5:14  Probe  
  53  5:23  Probe  
  53  5:24  Probe  
  53  5:28  Protoss Ground Weapons Level 1  
  55  5:33  Gravitic Drive  
  55  5:35  Probe  
  55  5:36  Probe  
  55  5:40  Pylon  
  57  5:46  Probe  
  57  5:48  Probe  
  59  5:54  Probe  
  59  5:56  Disruptor  
  59  6:00  Probe  
  59  6:02  Disruptor  
  62  6:05  Probe  
  62  6:09  Photon Cannon  
  63  6:12  Probe  
  63  6:15  Photon Cannon  
  63  6:17  Probe  
  65  6:22  Nexus  
  65  6:24  Probe  
  66  6:27  Observer  
  60  6:57  Probe x2, Warp Prism, Charge  
  64  7:10  Probe, Nexus  
  64  7:11  Gateway  
  64  7:13  Pylon  
  64  7:15  Gateway x2  
  65  7:17  Protoss Ground Armor Level 1  
  65  7:18  Probe  
  66  7:29  Probe  
  67  7:31  Disruptor  
  67  7:32  Probe, Photon Cannon  
  67  7:33  Disruptor  
  67  7:34  Pylon  
  68  7:39  Probe  
  68  7:40  Probe  
  68  7:43  Pylon, Assimilator  
  69  7:47  Probe  
  69  7:50  Probe  
  71  7:51  Pylon  
  71  7:52  Forge  
  71  7:55  Sentry  
  71  7:56  Sentry  
  76  7:59  Probe  
  76  8:02  Probe  
  78  8:10  Disruptor  
  78  8:11  Probe  
  79  8:17  Probe  
  78  8:23  Probe  
  78  8:26  Adept x2  
  71  8:27  Probe  
  71  8:29  Probe  
  71  8:32  Disruptor  
  67  8:36  Probe  
  67  8:38  Pylon  
  54  8:48  Probe  
  54  8:53  Stalker x2, Zealot x3  
  29  9:13  Stalker x3  
  29  9:16  Zealot  
  35  9:18  Zealot  
Show
View Real Time Build Order
Export as new Build Order

TheDounat Protoss 

Build Orders:  

Get SALT Encoding   

  12  0:01  SCV  
  13  0:13  SCV  
  14  0:23  Supply Depot  
  14  0:25  SCV  
  15  0:44  SCV  
  15  0:45  Barracks  
  15  0:47  Refinery  
  16  0:56  SCV  
  17  1:08  SCV  
  18  1:20  SCV  
  19  1:33  Orbital Command  
  19  1:34  Reaper  
  20  1:48  Command Center  
  20  1:55  Refinery  
  20  1:59  SCV  
  21  2:05  Supply Depot  
  21  2:09  Reaper  
  21  2:12  SCV  
  23  2:27  SCV  
  23  2:29  Factory  
  24  2:39  SCV  
  24  2:41  Supply Depot, Barracks Reactor  
  25  2:51  SCV  
  26  2:57  Bunker  
  26  2:58  Engineering Bay  
  25  3:03  SCV  
  26  3:09  Orbital Command  
  26  3:15  SCV  
  26  3:16  Widow Mine  
  26  3:17  Marine  
  30  3:21  Marine  
  31  3:27  SCV  
  32  3:35  Marine  
  32  3:39  Marine  
  33  3:42  SCV  
  33  3:44  Widow Mine  
  33  3:52  SCV  
  33  3:53  Marine  
  33  3:54  SCV  
  36  3:57  Marine  
  36  4:03  Supply Depot  
  36  4:04  SCV  
  36  4:07  Starport  
  37  4:10  SCV  
  37  4:11  Marine  
  37  4:14  Marine  
  36  4:21  Barracks, Widow Mine  
  36  4:24  SCV  
  37  4:26  SCV  
  38  4:32  Marine  
  38  4:33  Marine  
  38  4:37  SCV  
  41  4:38  SCV  
  42  4:47  Medivac  
  42  4:49  SCV, Widow Mine  
  42  4:50  SCV  
  42  4:51  Marine x2  
  50  4:57  Terran Infantry Weapons Level 1  
  50  5:01  SCV  
  50  5:03  SCV  
  52  5:08  Marine  
  52  5:09  Marine  
  52  5:12  Barracks Tech Lab  
  52  5:13  Supply Depot, SCV  
  55  5:15  SCV  
  55  5:19  Factory Tech Lab  
  56  5:21  Medivac  
  56  5:25  Supply Depot, SCV  
  56  5:26  Marine  
  56  5:27  SCV, Marine  
  62  5:31  Stimpack  
  62  5:34  Marine  
  63  5:38  Supply Depot, SCV  
  63  5:39  SCV  
  63  5:41  Siege Tank  
  63  5:42  Command Center  
  68  5:47  Refinery  
  68  5:48  Marine  
  69  5:50  SCV, Marine  
  69  5:51  SCV  
  72  6:04  SCV x2  
  72  6:05  Supply Depot  
  72  6:07  Supply Depot, Missile Turret x2  
  72  6:08  Marine x2  
  76  6:15  Starport Reactor, Marauder  
  76  6:17  SCV  
  79  6:21  SCV  
  80  6:26  Marine x2  
  80  6:29  SCV  
  83  6:33  SCV  
  83  6:35  Siege Tank  
  83  6:36  Marauder  
  83  6:39  Supply Depot  
  86  6:41  SCV  
  86  6:44  Marine x2  
  86  6:45  SCV  
  89  6:52  Terran Infantry Armor Level 1  
  82  6:54  SCV  
  82  6:56  Orbital Command  
  82  6:57  SCV, Refinery, Marine  
  83  7:02  Marine x2  
  83  7:05  Medivac  
  83  7:08  Siege Tank  
  90  7:12  Barracks  
  90  7:13  Medivac  
  90  7:14  Orbital Command  
  90  7:15  Marauder  
  94  7:16  Barracks  
  94  7:20  Marine x2  
  96  7:24  SCV x2  
  98  7:33  Combat Shields  
  98  7:37  Marine, Marauder  
  100  7:38  SCV, Marine  
  100  7:39  SCV  
  100  7:40  Siege Tank  
  100  7:43  Supply Depot x2  
  107  7:45  SCV  
  107  7:46  Engineering Bay  
  107  7:48  Refinery  
  107  7:50  Armory  
  107  7:51  SCV  
  109  7:52  SCV  
  109  7:57  SCV, Bunker  
  111  7:58  Marine x2  
  111  7:59  Marauder  
  111  8:01  Supply Depot, Barracks Reactor  
  111  8:03  Barracks Tech Lab  
  111  8:04  SCV  
  111  8:05  SCV  
  117  8:12  Siege Tank  
  113  8:15  SCV  
  113  8:16  SCV, Marine x2  
  117  8:22  Supply Depot  
  117  8:25  Supply Depot  
  116  8:30  Missile Turret  
  116  8:33  Marauder, Marine  
  118  8:34  Marine x2  
  118  8:39  Missile Turret x2  
  120  8:42  Marine x2  
  120  8:44  Siege Tank  
  120  8:50  Command Center  
  117  9:02  Marine x4  
  119  9:04  Marauder, Marine  
  117  9:10  Barracks  
  117  9:18  Refinery  
Show
View Real Time Build Order
Export as new Build Order

IIIIIIIIIIII Terran 

Build Orders:  

Get SALT Encoding   

Show
View Real Time Build Order
Export as new Build Order

AgCl Terran 

Build Orders:  

Get SALT Encoding   

Tags
 
Add a new tag
Caveats
  • Supply blocks, unpowered buildings, or Contaminate may cause inaccurate times.
  • Supply counts are checked every 10 seconds.